 Dungeon Crawl Stone Soup version 0.21.1-1-g345015fe64 (webtiles) character file.

2524 NullDivider the Covert (level 9, -4/63 HPs)
             Began as an Octopode Assassin on Apr 30, 2018.
             Was an Initiate of Gozag.
             Slain by a slime creature (6 damage)
             ... on level 8 of the Dungeon.
             The game lasted 00:24:38 (6997 turns).

NullDivider the Covert (Octopode Assassin)          Turns: 6997, Time: 00:24:39

Health: -4/63      AC:  1    Str: 10    XL:     9   Next: 54%
Magic:  9/9        EV: 17    Int: 19    God:    Gozag
Gold:   431        SH:  0    Dex: 16    Spells: 8/8 levels left

rFire    . . .     SeeInvis .   o - +3 dagger
rCold    . . .     Gourm    .   (no shield)
rNeg     . . .     Faith    .   (helmet restricted)
rPois    .         Spirit   .   (no amulet)
rElec    .         Reflect  .   (no ring)
rCorr    .         Harm     .   (no ring)
MR       .....                  (no ring)
Stlth    +++++.....             (no ring)
HPRegen  0.20/turn              (no ring)
MPRegen  0.11/turn              (no ring)
                                (no ring)
                                (no ring)

@: brilliant
A: almost no armour, stealthy swim, amphibious, 8 rings, constrict 8, camouflage
1, gelatinous body 1
a: Potion Petition, Call Merchant, Bribe Branch, Renounce Religion


You were on level 8 of the Dungeon.
You worshipped Gozag.
Gozag was aware of your devotion.
You were not hungry.

You visited 1 branch of the dungeon, and saw 8 of its levels.

You collected 535 gold pieces.
You paid 104 gold pieces to Gozag.

Inventory:

Hand Weapons
 b - a +0 blowgun
 n - a +2 dagger of speed
 o - a +3 dagger (weapon)
Missiles
 c - 18 poisoned needles
 d - a curare-tipped needle
Wands
 l - a wand of random effects (10)
Scrolls
 a - a scroll of blinking {unknown}
 h - 2 scrolls of magic mapping {unknown}
 i - 5 scrolls of identify
 p - a scroll of enchant armour {unknown}
 r - a scroll of teleportation {unknown}
 s - 2 scrolls of enchant weapon {unknown}
 v - 2 scrolls of amnesia {unknown}
 x - a scroll of immolation {unknown}
 y - a scroll of random uselessness {unknown}
Potions
 e - 2 potions of brilliance
 g - 3 potions of heal wounds {unknown}
 j - 2 potions of haste {unknown}
 k - a potion of cancellation {unknown}
 m - a potion of degeneration {unknown}
 q - 3 potions of flight {unknown}
 t - 3 potions of curing {unknown}
 w - a potion of ambrosia {unknown}
 z - a potion of might {unknown}
 A - a potion of magic {unknown}
Comestibles
 f - 9 rations


   Skills:
 * Level 6.5 Fighting
 * Level 6.7 Short Blades
 + Level 4.7 Throwing
 * Level 6.3 Dodging
 + Level 8.2 Stealth


You had 8 spell levels left.
You didn't know any spells.

Dungeon Overview and Level Annotations

Branches:
Dungeon (8/15)
 Temple: D:4-7         Lair: D:8-11

Altars:
Cheibriados
Dithmenos
Gozag
Makhleb
Nemelex Xobeh
Ru
Sif Muna

Shops:
D:5 *


Innate Abilities, Weirdness & Mutations

You cannot wear most types of armour.
You are very stealthy in the water. (Stealth+)
You are amphibious.
You can wear up to eight rings at the same time.
You can use your tentacles to constrict eight enemies at once.
Your skin changes colour to match your surroundings (Stealth+).
Your rubbery body absorbs attacks. (AC +1, EV +1)


Message History

Aiming: Random Effects
Press: ? - help, Shift-Dir - straight line, f/p - slime creature
Aim: a slime creature The slime creature easily resists.
The slime creature barely misses you.
That item cannot be evoked!
Evoke which item? (* to show all) (? for menu, Esc to quit)
Aiming: Random Effects
Press: ? - help, Shift-Dir - straight line, f/p - slime creature
Aim: a slime creature The bolt of poison hits the slime creature.
The slime creature is lightly wounded.
The slime creature hits you!
* * * LOW HITPOINT WARNING * * *
Okay, then.
Okay, then.
It was a potion of brilliance.
You feel clever all of a sudden. The slime creature hits you.
You die...
Your body crumbles into a pile of gold.

#..#### ###
###.....# #.o.
#...###.# #..o.
##...###.#
#.....##....#...#
...o.o+<.##.#.###
#.....##.##.#. #
#.... #.##.###.#
###. #....J@..#
#......##.###.#
#...##...... #
#.. ##.#.##.. .
...... ...
....#.. ..
.######## #


You could see a slime creature.

Vanquished Creatures
  A centaur warrior (D:7)
  The ghost of NullDivider the Sneak, an amateur OpAs (D:6)
  A sky beast (D:6)
  A phantom (D:4)
  A necrophage (D:7)
  4 centaurs
  4 ogres
  A bullfrog (D:7)
  A crimson imp (D:7)
  2 bullfrog zombies
  A hound (D:5)
  A jelly (D:5)
  4 orc wizards
  A bullfrog skeleton (D:5)
  An orc priest (D:3)
  Jessica (D:2)
  3 iguanas
  3 worker ants (D:4)
  Robin (D:2)
  4 gnolls (D:3)
  8 adders
  2 shadow imps (D:5)
  2 oozes (D:4)
  An adder skeleton (D:6)
  A worm (D:2)
  2 dart slugs
  16 orcs
  6 bats
  2 giant cockroaches
  13 goblins
  14 hobgoblins
  10 jackals
  2 quokkas
  3 frilled lizards
  6 kobolds
  A leopard gecko zombie (D:7)
  A quokka zombie (D:5)
  11 rats
138 creatures vanquished.

Notes
Turn   | Place    | Note
-------+----------+-------------------------------------------
     0 | D:1      | NullDivider the Octopode Assassin began the quest for the Orb.
     0 | D:1      | Reached XP level 1. HP: 14/14 MP: 1/1
    97 | D:1      | Reached XP level 2. HP: 18/19 MP: 2/2
   194 | D:1      | Found a sparkling altar of Nemelex Xobeh.
   758 | D:2      | Noticed Jessica
   791 | D:2      | Reached XP level 3. HP: 18/25 MP: 3/3
   920 | D:2      | Killed Jessica
   920 | D:2      | Reached XP level 4. HP: 15/30 MP: 4/4
  1429 | D:2      | Noticed Robin
  1449 | D:2      | Killed Robin
  1650 | D:2      | Reached XP level 5. HP: 21/36 MP: 5/5
  2224 | D:3      | Found a deep blue altar of Sif Muna.
  2230 | D:3      | Found a sacrificial altar of Ru.
  2230 | D:3      | Found a sparkling altar of Nemelex Xobeh.
  2233 | D:3      | Found a burning altar of Makhleb.
  2377 | D:3      | Reached skill level 6 in Stealth
  2595 | D:3      | Reached XP level 6. HP: 30/42 MP: 6/6
  3940 | D:4      | Reached XP level 7. HP: 29/47 MP: 7/7
  4725 | D:4      | You fall through a shaft for 2 floors!
  4731 | D:5      | Entered Level 5 of the Dungeon
  4991 | D:4      | Reached XP level 8. HP: 54/54 MP: 8/8
  5016 | D:4      | Found a snail-covered altar of Cheibriados.
  5328 | D:5      | Reached skill level 5 in Short Blades
  5328 | D:5      | Reached skill level 7 in Stealth
  5604 | D:5      | Found an opulent altar of Gozag.
  5608 | D:5      | Found Gozag's Platinum Reserve.
  5612 | D:5      | Became a worshipper of Gozag Ym Sagoz the Greedy
  5635 | D:5      | Found a shadowy altar of Dithmenos.
  5883 | D:6      | Reached skill level 5 in Fighting
  5903 | D:6      | Noticed NullDivider's ghost (amateur OpAs)
  6060 | D:6      | Killed NullDivider's ghost
  6314 | D:6      | Reached skill level 5 in Dodging
  6612 | D:6      | You fall through a shaft for 2 floors!
  6714 | D:7      | Reached XP level 9. HP: 43/62 MP: 9/9
  6935 | D:7      | Noticed a centaur warrior
  6942 | D:7      | Killed a centaur warrior
  6942 | D:7      | Reached skill level 8 in Stealth
  6996 | D:8      | HP: 2/63 [slime creature (14)]
  6997 | D:8      | Slain by a slime creature

Skill      XL: |  1  2  3  4  5  6  7  8  9 |
---------------+----------------------------+-----
Dodging        | 2 3 4 5 6 |  6.3
Short Blades   | 3 4 6 |  6.7
Fighting       | 3 4 5 6 |  6.5
Stealth        | 6 7 8 |  8.2
Throwing       | 3 4 |  4.7

Action                   |  1- 3 |  4- 6 |  7- 9 || total
-------------------------+-------+-------+-------++-------
Melee: Dagger            |    34 |   140 |   171 ||   345
       Constrict         |     9 |    36 |    23 ||    68
       Tentacles         |     3 |    34 |    45 ||    82
 Fire: Blowgun           |     6 |     9 |     1 ||    16
Evoke: Wand              |       |     1 |     7 ||     8
  Use: Scroll            |       |       |     1 ||     1
       Potion            |       |       |     1 ||     1
 Stab: Sleeping          |     6 |    14 |    17 ||    37
       Distracted        |       |     1 |     2 ||     3
  Eat: Chunk             |       |     9 |     4 ||    13
       Ration            |       |       |     2 ||     2
Armor: Skin              |     3 |     5 |     6 ||    14
Dodge: Dodged            |    15 |    58 |    90 ||   163
